MLB
SAN DIEGO PADRES @ LOS ANGELES DODGERS
09/22/2018
 
TOP OF THE 1ST
San Diego Padres batting - Pitching for Los Angeles Dodgers : RHP Kevin Gausman
Pitching: RHP Kevin Gausman
Batting: RHB Jose Altuve 0-0: Swinging Strike
0-1: Foul Ball, location: 2F
0-2: SINGLE (Groundball, 56D)
Batting: SHB Carlos Santana 0-0: Called Strike
0-1: Called Strike
0-2: Ball
1-2: Hit by Pitch
Jose Altuve to second
Batting: RHB Mitch Haniger 0-0: Ball
1-0: Called Strike
1-1: Ball
2-1: 3-RUN HOME RUN (Flyball, 9LD), Distance : 334 ft
Batting: LHB Mike Moustakas 0-0: Ball
1-0: Ball
2-0: Ball
3-0: Called Strike
3-1: Foul Ball, location: 2F
3-2: Ground out U3 (Groundball, 3)
Batting: LHB David Peralta 0-0: Foul Ball, location: 2F
0-1: Fly out, F6 (Popup, P)
Batting: RHB Yadier Molina 0-0: Ball
1-0: Foul Ball, location: 2F
1-1: Ground out 5-3 (Groundball, 56S)
Top of the 1st over - 3 runs, 2 hits, 0 errors, 0 left on base; San Diego 3 - Los Angeles 0
BOTTOM OF THE 1ST
Los Angeles Dodgers batting - Pitching for San Diego Padres : RHP Joe Musgrove
Pitching: RHP Joe Musgrove
Batting: RHB Jose Peraza 0-0: Ball
1-0: Bunt for hit to 5S - play at first, batter OUT! 5-3
Batting: LHB Brett Gardner 0-0: Ball
1-0: Ground out 4-3 (Groundball, 4)
Batting: RHB Mookie Betts 0-0: Ball
1-0: Foul Ball, location: 2F
1-1: Ball
2-1: Fly out, F8 (Line Drive, 8LM)
Bottom of the 1st over - 0 runs, 0 hits, 0 errors, 0 left on base; San Diego 3 - Los Angeles 0
TOP OF THE 2ND
San Diego Padres batting - Pitching for Los Angeles Dodgers : RHP Kevin Gausman
Batting: SHB Freddy Galvis 0-0: Called Strike
0-1: Ball
1-1: Ball
2-1: Ball
3-1: Base on Balls
Batting: RHB Lorenzo Cain 0-0: SINGLE (Flyball, 8LS)
Freddy Galvis to second
Runner from 2nd tries for 3rd, SAFE, throw by CF made to third
Batting: RHB Joe Musgrove 0-0: Sac Bunt to 2L - play at first, batter OUT! 2-4
Lorenzo Cain to second
Batting: RHB Jose Altuve 0-0: Called Strike
0-1: Foul Ball, location: 2F
0-2: Ball
1-2: Fly out, F8 (Line Drive, 8LD)
Runner from 3rd tags up, SCORES, throw by CF
Batting: SHB Carlos Santana 0-0: Ball
1-0: Called Strike
1-1: Foul Ball, location: 2F
1-2: Foul Ball, location: 2F
1-2: DOUBLE (Flyball, 89XD)
Lorenzo Cain scores
Batting: RHB Mitch Haniger 0-0: Foul Ball, location: 2F
0-1: Ball
1-1: Ball
2-1: Foul Ball, location: 2F
2-2: Ball
3-2: Ground out 3-1 (Groundball, 34S)
Top of the 2nd over - 2 runs, 2 hits, 0 errors, 1 left on base; San Diego 5 - Los Angeles 0
BOTTOM OF THE 2ND
Los Angeles Dodgers batting - Pitching for San Diego Padres : RHP Joe Musgrove
Batting: RHB Josh Donaldson 0-0: Foul Ball, location: 2F
0-1: Ball
1-1: Called Strike
1-2: Foul Ball, location: 2F
1-2: Ball
2-2: Ball
3-2: SINGLE (Flyball, 4MD)
Batting: RHB Randal Grichuk 0-0: Ball
1-0: Foul Ball, location: 2F
1-1: Foul Ball, location: 2F
1-2: Fly out, F7 (Flyball, 78D)
Batting: RHB Jonathan Schoop 0-0: Called Strike
0-1: Called Strike
0-2: Fly out, F9 (Line Drive, 9D)
Batting: RHB Evan Gattis 0-0: Called Strike
0-1: Called Strike
0-2: Ball
1-2: Ball
2-2: Ball
3-2: Foul Ball, location: 2F
3-2: SINGLE (Line Drive, 8LS)
Josh Donaldson to second
Josh Donaldson to third
Batting: SHB Justin Smoak 0-0: Ball
1-0: Foul Ball, location: 2F
1-1: Ball
2-1: SINGLE (Line Drive, 34D)
Josh Donaldson scores
Evan Gattis to second
Runner from 2nd tries for 3rd, SAFE, throw by RF made to third
Batting: LHB Kevin Gausman 0-0: Swinging Strike
0-1: Ball
1-1: Swinging Strike
1-2: Ball
2-2: Strikes out swinging
Bottom of the 2nd over - 1 run, 3 hits, 0 errors, 2 left on base; San Diego 5 - Los Angeles 1
TOP OF THE 3RD
San Diego Padres batting - Pitching for Los Angeles Dodgers : RHP Kevin Gausman
Batting: LHB Mike Moustakas 0-0: Ball
1-0: Fly out, F1 (Line Drive, P)
Batting: LHB David Peralta 0-0: Called Strike
0-1: Ball
1-1: Foul Ball, location: 2F
1-2: Ball
2-2: Ball
3-2: Foul Ball, location: 2F
3-2: Fly out, F6 (Line Drive, 6)
Batting: RHB Yadier Molina 0-0: Called Strike
0-1: Foul Ball, location: 2F
0-2: Foul Ball, location: 2F
0-2: Ground out 4-3 (Groundball, 4)
Top of the 3rd over - 0 runs, 0 hits, 0 errors, 0 left on base; San Diego 5 - Los Angeles 1
BOTTOM OF THE 3RD
Los Angeles Dodgers batting - Pitching for San Diego Padres : RHP Joe Musgrove
Batting: RHB Jose Peraza 0-0: Foul Ball, location: 2F
0-1: Ball
1-1: Foul Ball, location: 2F
1-2: Ball
2-2: Ball
3-2: SINGLE (Groundball, 34D)
Batting: LHB Brett Gardner 0-0: Fly out, F7 (Flyball, 7LS)
Batting: RHB Mookie Betts 0-0: Ball
1-0: Called Strike
1-1: Ball
2-1: Foul Ball, location: 2F
2-2: Foul Ball, location: 2F
2-2: Ball
3-2: Grounds into double play, 5-4-3 (Groundball, 5L)
Bottom of the 3rd over - 0 runs, 1 hit, 0 errors, 0 left on base; San Diego 5 - Los Angeles 1
TOP OF THE 4TH
San Diego Padres batting - Pitching for Los Angeles Dodgers : RHP Kevin Gausman
Batting: SHB Freddy Galvis 0-0: Called Strike
0-1: Foul Ball, location: 2F
0-2: SINGLE (Groundball, 4D)
Batting: RHB Lorenzo Cain 0-0: Ball
1-0: Foul Ball, location: 2F
1-1: Ball
2-1: Ball
3-1: Base on Balls
Freddy Galvis to second
Batting: RHB Joe Musgrove 0-0: Reached on error, E5 (Groundball, 5S)
Freddy Galvis to third
Lorenzo Cain to second
Batting: RHB Jose Altuve 0-0: Grounds into double play, 6-4-3 (Groundball, 6S)
Freddy Galvis scores
Lorenzo Cain to third
Batting: SHB Carlos Santana 0-0: Foul Ball, location: 2F
0-1: Foul Ball, location: 2F
0-2: Strikes out swinging
Top of the 4th over - 1 run, 1 hit, 1 error, 1 left on base; San Diego 6 - Los Angeles 1
BOTTOM OF THE 4TH
Los Angeles Dodgers batting - Pitching for San Diego Padres : RHP Joe Musgrove
Batting: RHB Josh Donaldson 0-0: Ball
1-0: Fly out, F7 (Flyball, 78M)
Batting: RHB Randal Grichuk 0-0: Called Strike
0-1: Swinging Strike
0-2: SINGLE (Groundball, 56D)
Batting: RHB Jonathan Schoop 0-0: Ball
1-0: Fly out, F8 (Flyball, 8LS)
Batting: RHB Evan Gattis 0-0: Ball
1-0: Ball
2-0: SINGLE (Groundball, 56) (infield hit)
Randal Grichuk to second
Batting: SHB Justin Smoak 0-0: Ball
1-0: Called Strike
1-1: Ball
2-1: Ball
3-1: Foul Ball, location: 2F
3-2: Foul Ball, location: 2F
3-2: Foul Ball, location: 2F
3-2: Strikes out looking
Bottom of the 4th over - 0 runs, 2 hits, 0 errors, 2 left on base; San Diego 6 - Los Angeles 1
TOP OF THE 5TH
San Diego Padres batting - Pitching for Los Angeles Dodgers : RHP Kevin Gausman
Batting: RHB Mitch Haniger 0-0: Fly out, F7 (Flyball, 7LM)
Batting: LHB Mike Moustakas 0-0: Ball
1-0: SINGLE (Groundball, 4D)
Batting: LHB David Peralta 0-0: Ball
1-0: Fly out, F9 (Line Drive, 9D)
Pitching: RHP Ty Buttrey
Batting: RHB Yadier Molina 0-0: Called Strike
0-1: Foul Ball, location: 2F
0-2: Foul Ball, location: 2F
0-2: Ball
1-2: Fielders Choice at 2nd, U4 (Groundball, 4M)
Top of the 5th over - 0 runs, 1 hit, 0 errors, 1 left on base; San Diego 6 - Los Angeles 1
BOTTOM OF THE 5TH
Los Angeles Dodgers batting - Pitching for San Diego Padres : RHP Joe Musgrove
Batting: LHB Ty Buttrey 0-0: Called Strike
0-1: Ground out 6-3 (Groundball, 4MD)
Batting: RHB Jose Peraza 0-0: Foul Ball, location: 2F
0-1: DOUBLE (Line Drive, 3D)
Batting: LHB Brett Gardner 0-0: Ball
1-0: Ball
2-0: Called Strike
2-1: Foul Ball, location: 2F
2-2: Ball
3-2: Foul Ball, location: 2F
3-2: Strikes out looking
Batting: RHB Mookie Betts 0-0: Fly out, F7 (Flyball, 7)
Bottom of the 5th over - 0 runs, 1 hit, 0 errors, 1 left on base; San Diego 6 - Los Angeles 1
TOP OF THE 6TH
San Diego Padres batting - Pitching for Los Angeles Dodgers : RHP Ty Buttrey
Batting: SHB Freddy Galvis 0-0: Ball
1-0: Ball
2-0: Ball
3-0: Called Strike
3-1: Base on Balls
Batting: RHB Lorenzo Cain 0-0: Ball
1-0: Swinging Strike
1-1: Foul Ball, location: 2F
1-2: SINGLE (Groundball, 6D)
Freddy Galvis to second
Batting: RHB Joe Musgrove 0-0: Sac Bunt to 13S - play at first, batter safe!
Freddy Galvis to third
Lorenzo Cain to second
Batting: RHB Jose Altuve 0-0: Ball
1-0: Ball
2-0: Ball
3-0: Base on Balls
Freddy Galvis scores
Lorenzo Cain to third
Joe Musgrove to second
Batting: SHB Carlos Santana 0-0: Ball
1-0: Called Strike
1-1: Foul Ball, location: 2F
1-2: Ball
2-2: Ball
3-2: Foul Ball, location: 2F
3-2: Foul Ball, location: 2F
3-2: Base on Balls
Lorenzo Cain scores
Joe Musgrove to third
Jose Altuve to second
Pinch Hitting: RHB Juan Lagares 0-0: Foul Ball, location: 2F
0-1: Ball
1-1: Called Strike
1-2: Strikes out swinging
Pinch Hitting: RHB David Bote 0-0: Called Strike
0-1: Called Strike
0-2: Grounds into double play, 6-4-3 (Groundball, 6)
Top of the 6th over - 2 runs, 2 hits, 0 errors, 2 left on base; San Diego 8 - Los Angeles 1
BOTTOM OF THE 6TH
Los Angeles Dodgers batting - Pitching for San Diego Padres : RHP Joe Musgrove
Now at 3B: David Bote
Now in CF: Juan Lagares
Batting: RHB Josh Donaldson 0-0: Ball
1-0: Ball
2-0: Called Strike
2-1: Foul Ball, location: 2F
2-2: Hit by Pitch
Batting: RHB Randal Grichuk 0-0: Ball
1-0: Ball
2-0: Called Strike
2-1: Foul Ball, location: 2F
2-2: Ball
3-2: Foul Ball, location: 2F
3-2: Base on Balls
Josh Donaldson to second
Pitching: RHP Jose Leclerc
Pinch Hitting: SHB Richard Urena 0-0: Foul Ball, location: 2F
0-1: Ball
1-1: Swinging Strike
1-2: Ball
2-2: Strikes out swinging
Batting: RHB Evan Gattis 0-0: Ball
Josh Donaldson steals 3rd base
Randal Grichuk to second
1-0: Called Strike
1-1: Ball
2-1: 3-RUN HOME RUN (Flyball, 78XD), Distance : 407 ft
Batting: SHB Justin Smoak 0-0: Foul Ball, location: 2F
0-1: Ball
1-1: Foul Ball, location: 2F
1-2: Ball
2-2: Ball
3-2: Fly out, F7 (Flyball, 78S)
Pinch Hitting: SHB Wilmer Difo 0-0: Swinging Strike
0-1: Swinging Strike
0-2: Strikes out looking
Bottom of the 6th over - 3 runs, 1 hit, 0 errors, 0 left on base; San Diego 8 - Los Angeles 4
TOP OF THE 7TH
San Diego Padres batting - Pitching for Los Angeles Dodgers : RHP Ty Buttrey
Pitching: RHP Keynan Middleton
Now at SS: Richard Urena
Batting: LHB David Peralta 0-0: Foul Ball, location: 2F
0-1: Ball
1-1: Ball
2-1: Ball
3-1: Base on Balls
Batting: RHB Yadier Molina 0-0: Fielders Choice at 2nd, 1-4 (Groundball, 15)
Batting: SHB Freddy Galvis 0-0: Called Strike
0-1: Swinging Strike
0-2: Strikes out swinging
Batting: RHB Lorenzo Cain 0-0: Ball
1-0: Fly out, F8 (Flyball, 89D)
Top of the 7th over - 0 runs, 0 hits, 0 errors, 1 left on base; San Diego 8 - Los Angeles 4
BOTTOM OF THE 7TH
Los Angeles Dodgers batting - Pitching for San Diego Padres : RHP Jose Leclerc
Pitching: RHP Josh Fields
Batting: RHB Jose Peraza 0-0: Called Strike
0-1: Ground out 4-3 (Groundball, 4)
Batting: LHB Brett Gardner 0-0: Ground out 6-3 (Groundball, 56)
Batting: RHB Mookie Betts 0-0: Called Strike
0-1: Foul Ball, location: 2F
0-2: Foul Ball, location: 2F
0-2: Foul Ball, location: 2F
0-2: Ball
1-2: Fly out, F7 (Flyball, 7LMF)
Bottom of the 7th over - 0 runs, 0 hits, 0 errors, 0 left on base; San Diego 8 - Los Angeles 4
TOP OF THE 8TH
San Diego Padres batting - Pitching for Los Angeles Dodgers : RHP Keynan Middleton
Pinch Hitting: RHB Chris Carter 0-0: Foul Ball, location: 2F
0-1: Swinging Strike
0-2: Fly out, F7 (Line Drive, 7D)
Batting: RHB Jose Altuve 0-0: Ball
1-0: Fly out, F7 (Line Drive, 7LM)
Batting: SHB Carlos Santana 0-0: Ball
1-0: Ball
2-0: Ball
3-0: Base on Balls
Batting: RHB Juan Lagares 0-0: Ball
1-0: Ball
2-0: Called Strike
2-1: Foul Ball, location: 2F
2-2: Ground out 4-3 (Groundball, 4)
Top of the 8th over - 0 runs, 0 hits, 0 errors, 1 left on base; San Diego 8 - Los Angeles 4
BOTTOM OF THE 8TH
Los Angeles Dodgers batting - Pitching for San Diego Padres : RHP Josh Fields
Pitching: RHP Archie Bradley
Batting: RHB Josh Donaldson 0-0: Ball
1-0: Called Strike
1-1: DOUBLE (Line Drive, 9LM)
Batting: RHB Randal Grichuk 0-0: Swinging Strike
0-1: Called Strike
0-2: Ball
1-2: Ball
2-2: Strikes out swinging
Batting: SHB Richard Urena 0-0: Foul Ball, location: 2F
0-1: Swinging Strike
0-2: Ball
1-2: Strikes out swinging
Batting: RHB Evan Gattis 0-0: Foul Ball, location: 2F
0-1: Ball
1-1: Ground out 5-3 (Groundball, 56S)
Bottom of the 8th over - 0 runs, 1 hit, 0 errors, 1 left on base; San Diego 8 - Los Angeles 4
TOP OF THE 9TH
San Diego Padres batting - Pitching for Los Angeles Dodgers : RHP Keynan Middleton
Pitching: RHP Cody Allen
Batting: RHB David Bote 0-0: Ball
1-0: Fly out, F8 (Flyball, 8RD)
Batting: LHB David Peralta 0-0: Ball
1-0: Ground out U3 (Groundball, 3)
Batting: RHB Yadier Molina 0-0: Ball
1-0: Ball
2-0: Ball
3-0: Reached on error, E6 (Groundball, 6S)
Batting: SHB Freddy Galvis 0-0: Swinging Strike
0-1: Foul Ball, location: 2F
0-2: Strikes out swinging
Top of the 9th over - 0 runs, 0 hits, 1 error, 1 left on base; San Diego 8 - Los Angeles 4
BOTTOM OF THE 9TH
Los Angeles Dodgers batting - Pitching for San Diego Padres : RHP Archie Bradley
Pitching: LHP A.J. Minter
Now at 3B: Christian Arroyo
Batting: SHB Justin Smoak 0-0: Foul Ball, location: 2F
0-1: Ball
1-1: Ball
2-1: Called Strike
2-2: Ball
3-2: Fly out, F8 (Flyball, 8LM)
Pinch Hitting: RHB David Freese 0-0: Ball
1-0: Foul Ball, location: 2F
1-1: Ball
2-1: Foul Ball, location: 2F
2-2: Ball
3-2: Strikes out swinging
Batting: RHB Jose Peraza 0-0: Swinging Strike
0-1: Ball
1-1: Foul Ball, location: 2F
1-2: Ground out 5-3 (Groundball, 56)
Bottom of the 9th over - 0 runs, 0 hits, 0 errors, 0 left on base; San Diego 8 - Los Angeles 4
Monday, December 3rd, 2018 - OOTP Baseball 19.10 Build 122